 Seeded DCSS version 0.30.2 (webtiles) character file.

Game seed: 5728587712375424847 (custom seed)

20 porpoise the Skirmisher (level 2, 26/26 HPs)
             Began as a Gnoll Hunter on Jan 30, 2024.
             Quit the game on level 1 of the Dungeon.
             The game lasted 00:01:39 (492 turns).

porpoise the Skirmisher (Gnoll Hunter)               Turns: 492, Time: 00:01:39

Health: 26/26      AC:  6    Str: 10    XL:     2   Next: 79%
Magic:  2/2        EV: 13    Int:  8    God:
Gold:   27         SH:  0    Dex: 15    Spells: 2/2 levels left

rFire   . . .        a - +0 shortbow
rCold   + + .        (shield currently unavailable)
rNeg    . . .        c - +0 leather armour
rPois   .            h - +1 helmet
rElec   +            j - +0 cloak
rCorr   .            (no gloves)
SInv    .            (no boots)
Will    .....        k - amulet "Ediu" {Drain rElec rC++ Regen+}
Stlth   ++           (no ring)
HPRegen 1.04/turn    (no ring)
MPRegen 0.08/turn

%: no passive effects
@: no status effects
A: fangs 1, strong nose, distributed training
a: no special abilities


You were on level 1 of the Dungeon.
You visited 1 branch of the dungeon, and saw 1 of its levels.

You collected 27 gold pieces.

Inventory:

Hand Weapons
 a - a +0 shortbow (weapon)
 f - a +1 short sword of speed
Armour
 c - a +0 leather armour (worn)
 h - a +1 helmet (worn)
 j - a +0 cloak (worn)
Jewellery
 k - the amulet "Ediu" (around neck) {Drain rElec rC++ Regen+}
   (You acquired it on level 1 of the Dungeon)

   [amulet of regeneration]

   rC:        It greatly protects you from cold.
   rElec:     It insulates you from electricity.
   Regen:     It increases your rate of health regeneration.
   Drain:     It drains your maximum health when unequipped.
Scrolls
 b - a scroll of immolation
 g - a scroll of poison {unknown}
 i - a scroll of identify {unknown}
Potions
 d - a potion of mutation {unknown}
 e - 2 potions of flight {unknown}


   Skills:
 + Level 4.5 Fighting
 + Level 0.5 Short Blades
 + Level 0.5 Long Blades
 + Level 0.5 Axes
 + Level 0.5 Maces & Flails
 + Level 0.5 Polearms
 + Level 0.5 Staves
 + Level 8.5 Ranged Weapons
 + Level 0.5 Throwing
 + Level 0.5 Armour
 + Level 4.5 Dodging
 + Level 2.3 Stealth
 + Level 0.5 Shields
 + Level 0.5 Unarmed Combat
 + Level 0.5 Spellcasting
 + Level 0.4 Conjurations
 + Level 0.4 Hexes
 + Level 0.4 Summonings
 + Level 0.4 Necromancy
 + Level 0.4 Translocations
 + Level 0.4 Transmutations
 + Level 0.4 Fire Magic
 + Level 0.4 Ice Magic
 + Level 0.4 Air Magic
 + Level 0.4 Earth Magic
 + Level 0.4 Poison Magic
 + Level 0.7 Invocations
 + Level 0.5 Evocations


You had 2 spell levels left.
You didn't know any spells.
Your spell library contained the following spells:

 Spells                   Type           Power      Damage    Failure   Level
 Lesser Beckoning         Tloc           0%         N/A       58%         2
 Gell's Gravitas          Tloc           0%         N/A       82%         3
 Teleport Other           Tloc           0%         N/A       82%         3


Dungeon Overview and Level Annotations

Branches:
Dungeon (1/15)

Altars:


Innate Abilities, Weirdness & Mutations

You have very sharp teeth.
Your uncanny sense of smell can sniff out nearby items.
Your experience applies equally to all skills.


Message History

You see here a +0 cloak.
j - a +0 cloak You start putting on your armour.
You continue putting on your +0 cloak. x4
You finish putting on your +0 cloak.
You enter the shallow water.
Moving in this stuff is going to be slow.
A hobgoblin comes into view.
A hobgoblin is nearby!
You shoot an arrow. The arrow hits the hobgoblin.
The hobgoblin shouts!
The hobgoblin is severely wounded.
You shoot an arrow. The arrow barely misses the hobgoblin.
You shoot an arrow.
The arrow hits the hobgoblin but does no damage.
The hobgoblin is severely wounded.
You shoot an arrow. The arrow hits the hobgoblin!
You kill the hobgoblin!
No target in view!
A hobgoblin comes into view.
You shoot an arrow. The arrow hits the hobgoblin.
You kill the hobgoblin!
No target in view!
No target in view!
A rat comes into view.
Found a scroll labelled CITIRI BENOTAR.
You shoot an arrow. The arrow hits the rat!
You kill the rat!
No target in view!
No target in view!
Found a whip.
Found a stone staircase leading down.
k - a scroll labelled CITIRI BENOTAR This is a scroll of acquirement!
Something appears at your feet!
k - the amulet "Ediu" {Drain rElec rC++ Regen+} You start putting on your amulet.
You continue putting on the amulet "Ediu" {Drain rElec rC++ Regen+}. x5
You finish putting on the amulet "Ediu" {Drain rElec rC++ Regen+}.
The amulet "Ediu" throbs as it attunes itself to your uninjured body.
k - the amulet "Ediu" (around neck) {Drain rElec rC++ Regen+} Are you sure you want to abandon this character and quit the game? (Confirm with "yes".)

8...............................#
##....#######.##..####.#.#.#.#..#
##....# #.##.................
......# #.#..#..##.#.#.#.#..#
###...# #.#..#...# #. .#..# #...#
#.#..#...# #...# #.#..#...# #...#
####.#..#...#.# ###.
.......@....†..∆ ....
.)...#..#...#.. ###.
###.....#.#.>.. #...... . ..#
#...... ## ## #..#.### ...#.
...... ∆


There were no monsters in sight!

Vanquished Creatures
  2 ball pythons (D:1)
  A bat (D:1)
  3 endoplasms (D:1)
  3 goblins (D:1)
  3 hobgoblins (D:1)
  A kobold (D:1)
  2 rats (D:1)
  A spectral hobgoblin (D:1)
16 creatures vanquished.

Notes
Turn   | Place    | Note
-------+----------+-------------------------------------------
     0 | D:1      | porpoise the Gnoll Hunter began the quest for the Orb.
     0 | D:1      | Reached XP level 1. HP: 20/20 MP: 1/1
   213 | D:1      | Reached XP level 2. HP: 26/26 MP: 2/2
   305 | D:1      | Found a faded altar of an unknown god.
   485 | D:1      | Identified a scroll of acquirement
   485 | D:1      | Acquired the amulet "Ediu" {Drain rElec rC++ Regen+}
   492 | D:1      | Quit the game

Illustrated notes

Levels and vault maps discovered:
D:1:      scummos_arrival_simple_crosswalls, layout_basic,
          dreamdust_ecumenical_altar_drowned_temple, dreamdust_mushroom_princess

Action                     || total
---------------------------++-------
   Fire: Shortbow          ||    36
    Use: Scroll            ||     1
 Armour: Leather armour    ||     1
  Dodge: Dodged            ||     1
